 Dungeon Crawl Stone Soup version 0.31.0-12-g77e489cdc1 (webtiles) character file.

Game seed: 2602696696159456061

198 Curundu the Chopper (level 5, -7/48 HPs)
             Began as a Minotaur Berserker on Feb 19, 2024.
             Was a Believer of Trog.
             Mangled by an ogre
             ... wielding a +0 giant club
              (26 damage)
             ... on level 3 of the Dungeon.
             The game lasted 00:05:10 (2361 turns).

Curundu the Chopper (Minotaur Berserker)            Turns: 2361, Time: 00:05:10

Health: -7/48      AC: 12    Str: 23    XL:     5   Next: 47%
Magic:  4/4        EV:  7    Int:  4    God:    Trog [**....]
Gold:   162        SH:  0    Dex: 10    Spells: 4/4 levels left

rFire   . . .        a - +0 hand axe
rCold   . . .        (no shield)
rNeg    . . .        i - +0 plate armour
rPois   .            (helmet restricted)
rElec   .            (no cloak)
rCorr   .            b - +0 pair of gloves
SInv    .            (no boots)
Will    ++...        (no amulet) Stlth
                     (no ring)
HPRegen 1.28/turn    (no ring)
MPRegen 0.09/turn

%: no passive effects
@: strong-willed, regenerating
A: horns 2, retaliatory headbutt
a: Renounce Religion, Berserk, Trog's Hand


You were on level 3 of the Dungeon.
You worshipped Trog.
Trog was pleased with you.
You visited 1 branch of the dungeon, and saw 3 of its levels.

You collected 162 gold pieces.

Inventory:

Hand Weapons
 a - a +0 hand axe (weapon)
Missiles
 o - 5 javelins (quivered)
 r - 3 boomerangs
Armour
 b - a +0 pair of gloves (worn)
 i - a +0 plate armour (worn)
Jewellery
 k - a ring of positive energy
Scrolls
 c - 3 scrolls of teleportation {unknown}
 e - a scroll of vulnerability {unknown}
 f - a scroll of identify {unknown}
 j - a scroll of enchant weapon {unknown}
 m - a scroll of noise {unknown}
 p - a scroll of immolation {unknown}
 s - a scroll of revelation {unknown}
Potions
 d - 3 potions of haste {unknown}
 g - 3 potions of mutation {unknown}
 h - 2 potions of might {unknown}
 l - a potion of ambrosia {unknown}
 n - 2 potions of curing {unknown}
 q - 2 potions of brilliance {unknown}


   Skills:
 + Level 5.0 Fighting
 + Level 5.7 Axes
 + Level 3.4 Armour
 + Level 2.8 Dodging
 + Level 0.3 Stealth


You had 4 spell levels left.
You didn't know any spells.
Your spell library was empty.

Dungeon Overview and Level Annotations

Branches:
Dungeon (3/15)

Altars:


Innate Abilities, Weirdness & Mutations

You have a pair of horns on your head.
You reflexively headbutt those who attack you in melee.


Message History

The ball python constricts you.
You escape the ball python's grasp.
Things that are here:
a +0 short sword; a kobold corpse You closely miss the ball python.
You headbutt the ball python.
You kill the ball python!
Trog accepts your kill.
Okay, then.
You open the door.
There is an open door here.
s - a scroll labelled LIANYEMUAXT A bat comes into view.
A bat is nearby!
The bat hits you but does no damage.
Found 8 stones.
The bat hits you but does no damage. The bat barely misses you.
The bat attacks as it pursues you! The bat completely misses you.
The bat hits you but does no damage. The bat closely misses you.
You hit the bat but do no damage. Your headbutt misses the bat.
The bat barely misses you.
You miss the bat. The bat misses you. You furiously retaliate!
You headbutt the bat!
You kill the bat!
Trog accepts your kill.
You see here a bat corpse.
You see here a bat corpse.
An ogre comes into view. It is wielding a +0 giant club.
The ogre shouts!
Your skin crawls.
You feel strong-willed.
You hit the ogre. You headbutt the ogre!
The ogre is heavily wounded.
The ogre hits you with a +0 giant club!!
Ouch! That really hurt!
You hit the ogre but do no damage.
The ogre is heavily wounded.
The ogre hits you with a +0 giant club!!
Ouch! That really hurt!
You die...

..#.## ..#.# #.#
#.#.# #.# #.#+## #.#
.....## #.# #.....##
## #.# .......##
##.##.#
........####...#.####
).......+.......@O..#
........###....#.##.#
.......## #.#.#..#
#.....## # #.##
##...## #.# ##'##
#.###†###.# #.#
#........(# #.#
#####.##### ###.##
#.#


You could see an ogre.

Vanquished Creatures
  2 hounds
  Natasha (D:2)
  3 adders
  3 ribbon worms (D:2)
  4 dart slugs
  2 orcs
  4 bats
  5 endoplasms
  A giant cockroach (D:1)
  6 goblins
  8 hobgoblins
  7 jackals
  7 kobolds
  3 quokkas
  4 ball pythons
  4 frilled lizards
  4 rats
68 creatures vanquished.

Notes
Turn   | Place    | Note
-------+----------+-------------------------------------------
     0 | D:1      | Curundu the Minotaur Berserker began the quest for the Orb.
     0 | D:1      | Reached XP level 1. HP: 19/19 MP: 0/0
   167 | D:1      | Reached XP level 2. HP: 27/27 MP: 1/1
   401 | D:1      | Reached ** piety under Trog
   594 | D:1      | Reached XP level 3. HP: 26/33 MP: 2/2
  1032 | D:2      | Reached XP level 4. HP: 31/41 MP: 3/3
  1215 | D:2      | Noticed Natasha
  1224 | D:2      | Killed Natasha
  1225 | D:2      | Reached skill level 5 in Axes
  1669 | D:2      | Reached XP level 5. HP: 36/47 MP: 4/4
  2258 | D:3      | Reached skill level 5 in Fighting
  2358 | D:3      | Noticed an ogre
  2361 | D:3      | Mangled by an ogre

Illustrated notes

Levels and vault maps discovered:
D:1:      dpeg_arrival_connections, layout_basic, minmay_misc_feat_alley,
          minmay_stone_trees_large, nicolae_twisty_statue_hallways
D:2:      minmay_chambers_of_twos, layout_rooms, serial_corexii_hall,
          corexii_hall_statues_u, chequers_hall_statues_corner_a,
          corexii_hall_statues_deadend, chequers_hall_statues_wall_a,
          chequers_serial_rivers_small_b, dreamdust_mushroom_princess,
          columned_hall_lemuel, minmay_tromino_v4_a, uniq_natasha
D:3:      layout_loops_corners

Skill      XL: |  1  2  3  4  5 |
---------------+----------------+-----
Fighting       | 4 5 |  5.0
Axes           | 4 5 |  5.7
Armour         | 3 |  3.4
Dodging        | |  2.8
Stealth        | |  0.3

Action                     |  1- 3 |  4- 6 || total
---------------------------+-------+-------++-------
  Melee: Hand axe          |    84 |    72 ||   156
         Headbutt          |     7 |     9 ||    16
         Punch             |     1 |     1 ||     2
 Invoke: Berserk           |       |     1 ||     1
         Trog's Hand       |       |     1 ||     1
 Armour: Animal skin       |    27 |       ||    27
         Plate armour      |    30 |    70 ||   100
  Dodge: Dodged            |    50 |    40 ||    90
